 Dungeon Crawl Stone Soup version 0.30.1-9-gdf580d7c3d (webtiles) character file.

Game seed: 11669005133090532365

11100 bearlyready the Basher (level 11, -76/86 HPs)
             Began as a Gnoll Reaver on Oct 14, 2023.
             Was the Champion of Cheibriados.
             Engulfed by a cloud of freezing vapour (80 damage)
             ... on level 11 of the Dungeon.
             The game lasted 00:14:39 (8180 turns).

bearlyready the Basher (Gnoll Reaver)               Turns: 8180, Time: 00:14:39

Health: -76/86     AC:  9    Str: 33    XL:     11   Next: 72%
Magic:  23/23      EV: 20    Int: 45    God:    Cheibriados [******]
Gold:   580        SH:  0    Dex: 27    Spells: 24/27 levels left

rFire   x . .        d - +8 quarterstaff "Pujylied" {flame, rF- Int+9}
rCold   . . .        (shield currently unavailable)
rNeg    . . .        I - +0 troll leather armour
rPois   .            (no helmet)
rElec   .            q - +0 cloak
rCorr   .            X - +0 pair of gloves
SInv    .            u - +0 pair of boots
Will    .....        (no amulet)
Stlth   ++           g - +6 ring of strength
HPRegen 1.14/turn    Y - +6 ring of intelligence
MPRegen 0.18/turn

%: no passive effects
@: very slow
A: fangs 1, strong nose, distributed training
a: Renounce Religion, Bend Time, Temporal Distortion, Slouch, Step From Time


You were on level 11 of the Dungeon.
You worshipped Cheibriados.
Cheibriados was exalted by your worship.
You visited 1 branch of the dungeon, and saw 11 of its levels.

You collected 580 gold pieces.

Inventory:

Hand Weapons
 d - the +8 quarterstaff "Pujylied" (weapon) {flame, rF- Int+9}
   (You found it on level 2 of the Dungeon)

   Int:       It affects your intelligence (+9).
   rF:        It makes you vulnerable to fire.
 t - a +2 trident
 D - a +0 broad axe
 V - a +3 morningstar of freezing
Missiles
 r - a boomerang
 w - 26 poisoned darts (quivered)
 C - 3 silver boomerangs
 O - 2 atropa-tipped darts
 P - 5 javelins
Armour
 b - a +0 leather armour
 p - a +0 kite shield
 q - a +0 cloak (worn)
 u - a +0 pair of boots (worn)
 z - a +0 buckler
 A - a +0 scale mail
 I - a +0 troll leather armour (worn)
 X - a +0 pair of gloves (worn)
Magical Staves
 m - a staff of air
 n - a staff of earth
Jewellery
 a - a ring of ice
 g - a +6 ring of strength (left hand)
 G - a ring of positive energy
 Y - a +6 ring of intelligence (right hand)
Wands
 x - a wand of light (16)
 y - a wand of roots (8)
 F - a wand of paralysis (23)
 N - a wand of polymorph (8)
 W - a wand of flame (12)
Scrolls
 i - 3 scrolls of magic mapping
 j - 2 scrolls of teleportation
 k - 4 scrolls of poison
 o - a scroll of enchant armour
 s - 2 scrolls of enchant weapon
 v - 3 scrolls of blinking
 B - 2 scrolls of torment
 E - 2 scrolls of amnesia
 H - 2 scrolls of fog
 J - a scroll of immolation
 K - a scroll of fear {unknown}
 S - a scroll of summoning {unknown}
 Z - a scroll of noise {unknown}
Potions
 c - 6 potions of curing
 e - 2 potions of resistance {unknown}
 f - 2 potions of brilliance
 h - a potion of haste {unknown}
 l - 2 potions of attraction
 L - a potion of degeneration {unknown}
 M - 3 potions of heal wounds
 Q - a potion of might {unknown}
 R - 2 potions of mutation {unknown}
 T - 2 potions of lignification {unknown}
 U - 2 potions of flight {unknown}


   Skills:
 + Level 8.3 Fighting
 + Level 6.8 Short Blades
 + Level 6.8 Long Blades
 + Level 6.8 Axes
 + Level 9.5 Maces & Flails
 + Level 6.8 Polearms
 + Level 6.8 Staves
 + Level 6.8 Ranged Weapons
 + Level 6.8 Throwing
 + Level 6.8 Armour
 + Level 8.3 Dodging
 + Level 6.8 Stealth
 + Level 6.8 Shields
 + Level 6.8 Unarmed Combat
 + Level 8.5 Spellcasting
 + Level 8.0 Conjurations
 + Level 5.6 Hexes
 + Level 5.6 Summonings
 + Level 5.6 Necromancy
 + Level 5.6 Translocations
 + Level 5.6 Transmutations
 + Level 5.6 Fire Magic
 + Level 5.6 Ice Magic
 + Level 5.6 Air Magic
 + Level 5.6 Earth Magic
 + Level 5.6 Poison Magic
 + Level 7.5 Invocations
 + Level 6.8 Evocations


You had 24 spell levels left.
You knew the following spells:

 Your Spells              Type           Power      Damage    Failure   Level
a - Kiss of Death         Conj/Necr      100%       2d13      1%          1
b - Momentum Strike       Conj/Tloc      100%       3d10      1%          2

Your spell library contained the following spells:

 Spells                   Type           Power      Damage    Failure   Level
 Shock                    Conj/Air       100%       1d9       1%          1
 Summon Small Mammal      Summ           100%       N/A       1%          1
 Ensorcelled Hibernation  Hex/Ice        100%       N/A       1%          2
 Static Discharge         Conj/Air       100%       2-7/arc   1%          2
 Call Canine Familiar     Summ           63%        N/A       1%          3
 Hailstorm                Conj/Ice       69%        3d14      1%          3
 Spider Form              Tmut/Pois      63%        N/A       1%          3
 Summon Guardian Golem    Hex/Summ       63%        N/A       1%          3
 Tukima's Dance           Hex            63%        N/A       1%          3
 Airstrike                Air            31%        2d(5-21)  1%          4
 Anguish                  Hex/Necr       31%        N/A       1%          4
 Passage of Golubria      Tloc           63%        N/A       1%          4
 Yara's Violent Unravell  Hex/Tmut       31%        3d13      4%          5


Dungeon Overview and Level Annotations

Branches:
Dungeon (11/15)            Temple (0/1) D:7            Lair (0/5) D:11
    Orc: D:9-12

Altars:
Ashenzari
Cheibriados
Elyvilon
Gozag
Hepliaklqana
Makhleb
Sif Muna
Trog
Uskayaw
Vehumet
Wu Jian
Yredelemnul
The Shining One

Shops:
D:6 *

Portals:
Abyss: D:9
Bazaar: D:11

Annotations:
D:9 2 transporters, ShellytheWitch's ghost, novice HOFi


Innate Abilities, Weirdness & Mutations

You have very sharp teeth.
Your uncanny sense of smell can sniff out nearby items.
Your experience applies equally to all skills.


Message History

h - a smoky blue potion
Found a potion of curing.
Found a scroll of enchant weapon.
c - 6 potions of curing (gained 1)
A kobold demonologist comes into view. It is wielding a +0 dagger.
Found a pair of boots.
You hear the stately tolling of a very distant bell.
The kobold demonologist shouts!
The kobold demonologist casts a spell.
The kobold demonologist hits you with a +0 dagger.
The white imp closely misses you.
You bludgeon the kobold demonologist!! You burn the kobold demonologist!
The kobold demonologist is severely wounded.
The kobold demonologist hits you but does no damage.
You barely miss the kobold demonologist.
The kobold demonologist is severely wounded.
The white imp closely misses you. The kobold demonologist misses you.
You sock the kobold demonologist! You burn the kobold demonologist.
You kill the kobold demonologist!
Cheibriados appreciates the change of pace.
The white imp disappears in a puff of smoke!
Your Conjurations skill increases to level 8!
s - 2 scrolls of enchant weapon (gained 1)
Things that are here:
a +0 dagger; a +0 robe; a kobold corpse You hear the stately tolling of a distant bell.
Found a giant spiked club.
Found a flickering gateway to a bazaar.
Found 4 large rocks.
Really walk into that cloud of freezing vapour?
Found a robe.
You hear the stately tolling of a bell.
You are engulfed in freezing vapours.
Ouch! That really hurt!
You enter the shallow water.
Moving in this stuff is going to be slow.
You are engulfed in freezing vapours.
* * * LOW HITPOINT WARNING * * *
You are engulfed in freezing vapours.
Ouch! That really hurt!
You die...

* *,* #..#
#********####,* #..#
.**,,,,,,....,* #..#
.,*,,,,,,.[...* #..#
.,,,,,,,,.....######..#
***,,,,,,.....°○......#
* *,,,,,,....°..○.○°..#
*,,,,,,....○○☼○○○...#
*,,,,,,...##○°@○###.#
***********#°☼○○○#*.#
**** ##☼°°##*.# ,,,*
##°○.,,.# ,,,* #####*.#
*,,* *.# *,,* *.#
*,,********** *.#
*,,,,,,,,,,,*******##.#


There were no monsters in sight!

Vanquished Creatures
  2 two-headed ogres
  A salamander (shapeshifter) (D:8)
  A manticore (D:9)
  A cyclops (D:10)
  A gargoyle (D:10)
  A kobold demonologist (D:11)
  2 trolls
  Sigmund (D:3)
  2 shadows (D:10)
  A wraith (D:11)
  5 yaks (D:9)
  2 wyverns (D:8)
  2 vampire mosquitoes (D:10)
  A steam dragon (D:7)
  Menkaure (D:7)
  2 water moccasins
  2 orc warriors
  3 ice beasts
  2 sky beasts (D:8)
  4 black bears
  An ogre (D:6)
  7 centaurs
  2 phantoms
  7 bullfrogs
  5 kobold brigands (D:8)
  4 scorpions
  A gnoll sergeant (D:9)
  7 wights
  28 killer bees
  A howler monkey (D:8)
  2 hounds
  12 orc priests
  Jessica (D:3)
  3 sleepcaps
  3 iguanas
  11 orc wizards
  4 gnolls (D:9)
  6 adders
  2 shadow imps
  2 white imps
  An ufetubus (D:4)
  A worm (D:2)
  2 dart slugs
  23 orcs
  11 ball pythons
  7 endoplasms
  4 giant cockroaches
  7 goblins
  7 hobgoblins
  5 quokkas
  5 bats
  2 frilled lizards
  8 kobolds
  6 rats
235 creatures vanquished.

Vanquished Creatures (others)
  A two-headed ogre (D:11)
  A cyclops (D:11)
2 creatures vanquished.

Grand Total: 237 creatures vanquished

Notes
Turn   | Place    | Note
-------+----------+-------------------------------------------
     0 | D:1      | bearlyready the Gnoll Reaver began the quest for the Orb.
     0 | D:1      | Reached XP level 1. HP: 20/20 MP: 6/6
   119 | D:1      | Reached XP level 2. HP: 17/26 MP: 7/7
   214 | D:1      | Found a faded altar of an unknown god.
   418 | D:1      | Reached skill level 5 in Spellcasting
   418 | D:1      | Reached XP level 3. HP: 31/31 MP: 7/9
   495 | D:1      | Learned a level 2 spell: Momentum Strike
   715 | D:1      | Reached skill level 1 in Invocations
   875 | D:1      | Prayed at the altar of an unknown god.
   875 | D:1      | Became a worshipper of Cheibriados the Contemplative
   875 | D:1      | Reached * piety under Cheibriados
  1066 | D:2      | Identified the +8 quarterstaff "Pujylied" {flame, rF-
                  | Int+9}
  1075 | D:2      | Reached skill level 1 in Short Blades
  1075 | D:2      | Reached skill level 1 in Long Blades
  1075 | D:2      | Reached skill level 1 in Axes
  1075 | D:2      | Reached skill level 1 in Polearms
  1075 | D:2      | Reached skill level 1 in Staves
  1075 | D:2      | Reached skill level 1 in Ranged Weapons
  1075 | D:2      | Reached skill level 1 in Throwing
  1075 | D:2      | Reached skill level 1 in Armour
  1075 | D:2      | Reached skill level 1 in Stealth
  1075 | D:2      | Reached skill level 1 in Shields
  1075 | D:2      | Reached skill level 1 in Unarmed Combat
  1075 | D:2      | Reached skill level 1 in Evocations
  1114 | D:2      | Reached XP level 4. HP: 37/38 MP: 11/11
  1216 | D:2      | Identified the +2 hand axe of Nucwiasu {freeze, rPois}
  1537 | D:3      | Reached skill level 1 in Hexes
  1537 | D:3      | Reached skill level 1 in Summonings
  1537 | D:3      | Reached skill level 1 in Necromancy
  1537 | D:3      | Reached skill level 1 in Translocations
  1537 | D:3      | Reached skill level 1 in Transmutations
  1537 | D:3      | Reached skill level 1 in Fire Magic
  1537 | D:3      | Reached skill level 1 in Ice Magic
  1537 | D:3      | Reached skill level 1 in Air Magic
  1537 | D:3      | Reached skill level 1 in Earth Magic
  1537 | D:3      | Reached skill level 1 in Poison Magic
  1611 | D:3      | Reached XP level 5. HP: 40/43 MP: 12/12
  1665 | D:3      | Found a hazy altar of Hepliaklqana.
  1682 | D:3      | Reached ** piety under Cheibriados
  1691 | D:3      | Noticed Jessica
  1692 | D:3      | Killed Jessica
  1697 | D:3      | Found a shimmering blue altar of Sif Muna.
  1738 | D:3      | Noticed Sigmund
  1871 | D:4      | Reached skill level 5 in Fighting
  1871 | D:4      | Reached skill level 5 in Dodging
  1871 | D:4      | Reached XP level 6. HP: 41/51 MP: 14/14
  2070 | D:4      | Found a snail-covered altar of Cheibriados.
  2072 | D:4      | Found a bloodstained altar of Trog.
  2095 | D:3      | Found a white marble altar of Elyvilon.
  2097 | D:3      | Found a faded altar of an unknown god.
  2594 | D:3      | Killed Sigmund
  2595 | D:3      | Reached skill level 7 in Maces & Flails
  2595 | D:3      | Reached XP level 7. HP: 45/56 MP: 15/15
  2746 | D:3      | Found a glowing golden altar of the Shining One.
  3002 | D:3      | Found an opulent altar of Gozag.
  3095 | D:3      | Reached *** piety under Cheibriados
  3183 | D:5      | Entered Level 5 of the Dungeon
  3229 | D:5      | Reached XP level 8. HP: 52/63 MP: 16/16
  3639 | D:5      | Found an ornate altar of the Wu Jian Council.
  4015 | D:6      | Reached **** piety under Cheibriados
  4016 | D:6      | Reached XP level 9. HP: 69/69 MP: 18/18
  4031 | D:6      | Noticed a troll
  4038 | D:6      | Killed a troll
  4150 | D:6      | Found Tantach's Neck Hole.
  4662 | D:6      | Reached skill level 8 in Maces & Flails
  4703 | D:6      | Reached skill level 5 in Invocations
  4903 | D:7      | Found a staircase to the Ecumenical Temple.
  4920 | D:7      | Reached ***** piety under Cheibriados
  5034 | D:7      | Noticed Menkaure
  5039 | D:7      | Killed Menkaure
  5040 | D:7      | Reached skill level 5 in Short Blades
  5040 | D:7      | Reached skill level 5 in Long Blades
  5040 | D:7      | Reached skill level 5 in Axes
  5040 | D:7      | Reached skill level 5 in Polearms
  5040 | D:7      | Reached skill level 5 in Staves
  5040 | D:7      | Reached skill level 5 in Ranged Weapons
  5040 | D:7      | Reached skill level 5 in Throwing
  5040 | D:7      | Reached skill level 5 in Armour
  5040 | D:7      | Reached skill level 5 in Stealth
  5040 | D:7      | Reached skill level 5 in Shields
  5040 | D:7      | Reached skill level 5 in Unarmed Combat
  5040 | D:7      | Reached skill level 5 in Evocations
  5040 | D:7      | Reached XP level 10. HP: 36/77 MP: 20/20
  5396 | D:8      | Identified the +0 ring mail of Hadjma {rN+ Dex+3}
  5664 | D:8      | Found a basalt altar of Yredelemnul.
  5901 | D:8      | Noticed a harpy
  5916 | D:8      | a harpy changed into a salamander
  5916 | D:8      | Noticed a salamander (shapeshifter)
  5924 | D:8      | Killed a salamander
  6281 | D:9      | Found a hide-covered altar of Uskayaw.
  6310 | D:9      | Noticed a manticore
  6329 | D:9      | Killed a manticore
  6330 | D:9      | Reached skill level 9 in Maces & Flails
  6332 | D:9      | Reached skill level 5 in Hexes
  6332 | D:9      | Reached skill level 5 in Summonings
  6332 | D:9      | Reached skill level 5 in Necromancy
  6332 | D:9      | Reached skill level 5 in Translocations
  6332 | D:9      | Reached skill level 5 in Transmutations
  6332 | D:9      | Reached skill level 5 in Fire Magic
  6332 | D:9      | Reached skill level 5 in Ice Magic
  6332 | D:9      | Reached skill level 5 in Air Magic
  6332 | D:9      | Reached skill level 5 in Earth Magic
  6332 | D:9      | Reached skill level 5 in Poison Magic
  6336 | D:9      | Reached XP level 11. HP: 28/85 MP: 22/22
  6414 | D:9      | Found a radiant altar of Vehumet.
  6787 | D:9      | Found a transporter.
  6793 | D:9      | Found a transporter.
  6801 | D:9      | Noticed ShellytheWitch's ghost (novice HOFi)
  6888 | D:9      | Found a one-way gate to the infinite horrors of the Abyss.
  7111 | D:9      | Found a burning altar of Makhleb.
  7113 | D:9      | Noticed a blizzard demon
  7261 | D:10     | Entered Level 10 of the Dungeon
  7361 | D:10     | Reached ****** piety under Cheibriados
  7361 | D:10     | Noticed a cyclops
  7369 | D:10     | Killed a cyclops
  7407 | D:10     | Got the Secrets of Inhalation
  7533 | D:10     | Found a broken altar of Ashenzari.
  8005 | D:10     | Noticed a two-headed ogre
  8012 | D:10     | Killed a two-headed ogre
  8032 | D:11     | Noticed a two-headed ogre
  8041 | D:11     | Killed a two-headed ogre
  8063 | D:11     | Killed a cyclops
  8069 | D:11     | Killed a two-headed ogre
  8085 | D:11     | Found a staircase to the Lair.
  8085 | D:11     | Noticed a death yak
  8172 | D:11     | Found a flickering gateway to a bazaar.
  8179 | D:11     | HP: 2/86 [something (36)]
  8180 | D:11     | Engulfed by a cloud of freezing vapour

Illustrated notes

Levels and vault maps discovered:
D:1:      lightli_arrival_isolated_outpost, layout_rooms,
          hellmonk_ecumenical_altar_crossroads
D:2:      layout_basic, serial_corexii_hall, corexii_hall_statues_x,
          corexii_hall_statues_i, chequers_hall_statues_corner_a,
          corexii_hall_statues_t, lightli_corner_chamber
D:3:      layout_basic, mainiacjoe_overflow_concentric_impassable,
          mainiacjoe_overflow_catwalk, grunt_gozag_breadcrumbs,
          nicolae_overflow_hidden_temple, nicolae_overflow_ecumenical_swirl,
          uniq_jessica, uniq_sigmund
D:4:      layout_loops_cross, cheibriados_altar_1, bloody_trog, eino_curves_04,
          minmay_misc_feat_five
D:5:      layout_rooms, nzn_wu_jian_council_hall, serial_bayou_lagoon_b
D:6:      layout_loops_cross, nicolae_shop_sticking_my_neck_out
D:7:      layout_cave_pools, minmay_temple_entry_wispy,
          hangedman_abyss_or_decor_passed, uniq_menkaure
D:8:      cheibrodos_barr_body, layout_cave_pods,
          mainiacjoe_overflow_six_doors_small, nicolae_straight_to_the_point
D:9:      layout_small_grid, vehumet_crystals, makhleb_altar_promises_db,
          lemuel_doored_altar, gammafunk_ghost_abyssal_escape,
          minmay_misc_feat_rows, kennysheep_generic_room_12
D:10:     layout_basic, lemuel_tele_altar
D:11:     layout_small_grid, david_lair_generic, serial_shops, freezing_bzr

Skill      XL: |  1  2  3  4  5  6  7  8  9 10 11 |
---------------+----------------------------------+-----
Spellcasting   | 5 6 7 8 |  8.5
Invocations    | 1 2 3 4 5 6 7 |  7.5
Short Blades   | 1 2 3 4 5 6 |  6.8
Long Blades    | 1 2 3 4 5 6 |  6.8
Axes           | 1 2 3 4 5 6 |  6.8
Polearms       | 1 2 3 4 5 6 |  6.8
Staves         | 1 2 3 4 5 6 |  6.8
Ranged Weapons | 1 2 3 4 5 6 |  6.8
Throwing       | 1 2 3 4 5 6 |  6.8
Armour         | 1 2 3 4 5 6 |  6.8
Stealth        | 1 2 3 4 5 6 |  6.8
Shields        | 1 2 3 4 5 6 |  6.8
Unarmed Combat | 1 2 3 4 5 6 |  6.8
Evocations     | 1 2 3 4 5 6 |  6.8
Hexes          | 1 2 3 4 5 |  5.6
Summonings     | 1 2 3 4 5 |  5.6
Necromancy     | 1 2 3 4 5 |  5.6
Translocations | 1 2 3 4 5 |  5.6
Transmutations | 1 2 3 4 5 |  5.6
Fire Magic     | 1 2 3 4 5 |  5.6
Ice Magic      | 1 2 3 4 5 |  5.6
Air Magic      | 1 2 3 4 5 |  5.6
Earth Magic    | 1 2 3 4 5 |  5.6
Poison Magic   | 1 2 3 4 5 |  5.6
Fighting       | 5 6 7 8 |  8.3
Dodging        | 5 6 7 8 |  8.3
Maces & Flails | 7 8 9 |  9.5
Conjurations   | 6 7 8 |  8.0

Action                     |  1- 3 |  4- 6 |  7- 9 | 10-12 || total
---------------------------+-------+-------+-------+-------++-------
  Melee: Dagger            |   114 |       |       |       ||   114
         Mace              |    18 |       |       |       ||    18
         Bite              |    13 |     2 |     8 |    25 ||    48
         Punch             |     1 |       |       |     1 ||     2
         Quarterstaff      |     7 |    68 |   162 |   228 ||   465
         Morningstar       |       |       |       |    14 ||    14
  Throw: Dart              |       |     4 |     1 |     9 ||    14
         Boomerang         |       |     4 |     2 |     4 ||    10
   Cast: Momentum Strike   |       |       |       |     1 ||     1
 Invoke: Slouch            |       |       |     1 |       ||     1
  Evoke: Wand              |       |       |     4 |     5 ||     9
    Use: Potion            |       |     2 |       |       ||     2
         Scroll            |       |       |       |    14 ||    14
   Stab: Sleeping          |       |     3 |     3 |     7 ||    13
         Invisible         |       |       |     1 |     3 ||     4
         Paralysed         |       |       |     1 |       ||     1
 Armour: Leather armour    |    36 |    18 |     2 |       ||    56
         Scale mail        |       |       |    34 |       ||    34
         Troll leather arm |       |       |    44 |    77 ||   121
  Dodge: Dodged            |    84 |    60 |   152 |   340 ||   636
